Colorado Rockies vs Vancouver Canucks
Created - Sunday, March 16, 2025 at 10:34
Goals
|
| Colorado Rockies |
1 |
2 |
1 |
4 |
| Vancouver Canucks |
0 |
1 |
1 |
2 |
|
Shots
|
| Colorado Rockies |
14 |
5 |
16 |
35 |
| Vancouver Canucks |
12 |
11 |
23 |
46 |
|
1st period
1. Colorado Rockies , Jesper Bratt 7 (Nikita Kucherov 14, Tim Stutzle 14) at 2:34 (PP)
Penalties :
Noah Hanifin (VAN) for Hooking (Minor) at 2:22, Noah Hanifin (VAN) for Slashing (Minor) at 11:30, Quinn Hughes (COL) for Hooking (Minor) at 13:51
2nd period
2. Vancouver Canucks , Clayton Keller 10 (Connor Zary 8) at 14:20
3. Colorado Rockies , Jesper Bratt 8 (Nikita Kucherov 15, Tim Stutzle 15) at 17:47 (PP)
4. Colorado Rockies , Michael Bunting 9 (Nick Bonino 5) at 17:53
Penalties :
Miro Heiskanen (VAN) for Tripping (Minor) at 3:51, Connor Zary (VAN) for Cross-checking (Minor) at 17:37
3rd period
5. Vancouver Canucks , Artturi Lehkonen 12 (Miro Heiskanen 5, Aleksander Barkov 16) at 3:43
6. Colorado Rockies , Jesper Bratt 9 (Vince Dunn 3) at 19:59 (Empty Net)
Penalties :
Casey Mittelstadt (VAN) for Goalie Interference (Minor) at 1:03, Aleksander Barkov (VAN) for Hooking (Minor) at 11:29, Jacob Bernard-Docker (VAN) for Fighting (Major) at 14:30, Michael Bunting (COL) for Fighting (Major) at 14:30, Victor Hedman (COL) for Holding Stick (Minor) at 14:37
Goalie Stats
Joey Daccord (COL), 44 saves from 46 shots - (0.957), W, 13-8-2, 60:00 minutes
Justus Annunen (VAN), 31 saves from 34 shots - (0.912), L, 2-4-0, 58:32 minutes
Players Stats for Colorado Rockies
Player Name G A P +/- PIM S H SB GA TA FO MP PP MP PK MP
------------------------------------------------------------------------------------
Andrew Peeke 0 0 0 0 0 0 1 1 1 0 0/0 15:59 0:00 0:59
David Pastrnak 0 0 0 -2 0 7 1 0 0 0 1/1 20:57 4:15 1:50
Evgeny Kuznetsov 0 0 0 0 0 0 0 0 0 0 0/0 2:22 0:00 0:00
Jesper Bratt 3 0 3 1 0 7 0 0 0 0 0/2 21:41 4:03 2:08
Kevin Hayes 0 0 0 0 0 0 0 0 0 0 0/0 1:26 0:00 0:00
Kyle Connor 0 0 0 -2 0 5 1 1 1 0 0/0 19:10 4:15 0:00
Kyle Palmieri 0 0 0 0 0 0 0 1 0 0 0/1 12:08 0:00 0:00
Martin Fehervary 0 0 0 0 0 0 0 1 0 0 0/0 1:56 0:00 0:00
Michael Bunting 1 0 1 1 5 3 0 2 1 0 0/1 15:27 0:00 0:00
Nick Bonino 0 1 1 1 0 0 0 0 0 0 6/11 5:24 0:00 0:00
Nick Schmaltz 0 0 0 -2 0 2 1 0 0 0 9/18 19:21 4:15 0:00
Nikita Kucherov 0 2 2 2 0 4 1 0 3 0 0/4 25:49 4:03 1:50
Nikita Zadorov 0 0 0 -1 0 2 4 1 0 0 0/0 19:46 4:02 2:17
Philipp Kurashev 0 0 0 0 0 1 1 1 0 1 1/9 11:50 0:00 0:00
Quinn Hughes 0 0 0 1 2 2 1 4 0 1 0/0 29:25 4:16 1:07
Tim Stutzle 0 2 2 1 0 1 1 0 2 0 15/28 21:43 4:03 2:08
Victor Hedman 0 0 0 0 2 0 7 2 1 2 0/0 27:56 4:16 1:11
Vince Dunn 0 1 1 0 0 1 1 0 0 0 0/0 23:39 4:02 2:22
Players Stats for Vancouver Canucks
Player Name G A P +/- PIM S H SB GA TA FO MP PP MP PK MP
------------------------------------------------------------------------------------
Aleksander Barkov 0 1 1 -1 2 5 1 0 0 1 25/38 23:16 1:50 3:11
Anton Lundell 0 0 0 0 0 0 3 0 0 0 3/4 10:49 2:11 0:21
Artturi Lehkonen 1 0 1 0 0 1 2 1 0 1 1/8 22:28 1:43 3:51
Brett Leason 0 0 0 0 0 0 0 0 0 0 1/1 12:23 0:00 3:54
Casey Mittelstadt 0 0 0 0 2 5 2 1 1 0 1/2 10:49 2:12 0:32
Chad Ruhwedel 0 0 0 -1 0 0 1 0 0 1 0/0 18:14 0:00 4:31
Clayton Keller 1 0 1 1 0 7 3 0 0 1 1/3 14:37 1:43 0:00
Connor Zary 0 1 1 1 2 1 1 0 0 0 5/11 14:59 2:12 0:00
Emil Martinsen Lilleberg 0 0 0 0 0 0 1 1 0 0 0/0 15:03 0:00 1:00
Jacob Bernard-Docker 0 0 0 0 5 0 0 0 0 0 0/0 11:08 0:00 0:00
Jesperi Kotkaniemi 0 0 0 0 0 4 1 0 0 0 1/3 8:27 0:03 0:00
Matias Maccelli 0 0 0 -1 0 1 0 0 0 0 0/0 9:36 0:00 0:00
Mikko Rantanen 0 0 0 -1 0 14 1 1 1 0 3/3 21:07 1:43 0:56
Miro Heiskanen 0 1 1 0 2 1 1 4 1 2 0/0 27:02 1:50 4:00
Noah Hanifin 0 0 0 1 4 3 2 0 0 0 0/0 25:01 2:08 2:47
Robby Fabbri 0 0 0 1 0 0 3 0 1 0 1/1 14:56 2:11 0:00
Ryan McDonagh 0 0 0 0 0 3 1 0 0 1 0/0 19:21 0:00 4:18
Ty Dellandrea 0 0 0 0 0 1 3 0 0 2 1/1 12:19 0:04 3:51
3 Stars
1 - Jesper Bratt (COL)
2 - Joey Daccord (COL)
3 - Nikita Kucherov (COL)
Power Play
Colorado Rockies - 2 on 6 Attempt(s) - 33.33%
Vancouver Canucks - 0 on 2 Attempt(s) - 0.00%
Penalty Kill
Colorado Rockies - 2 on 2 Attempt(s) - 100.00%
- Score 0 goal in Penalty Kill
Vancouver Canucks - 4 on 6 Attempt(s) - 66.67%
- Score 0 goal in Penalty Kill
Team Stat
Colorado Rockies - Hits : 20 - Faceoff Wins : 32 - Blocked Shots : 14 - Penalty Minutes : 9
Vancouver Canucks - Hits : 26 - Faceoff Wins : 43 - Blocked Shots : 8 - Penalty Minutes : 17
Official
Referees : Kendrick Nicholson and Marc Joannette
Linesman : Tommy Hughes and Brad Kovachik
Game Notes
Martin Fehervary is injured at 6:28 of 1st period (Back)
Jacob Bernard-Docker and Michael Bunting fight to a draw at 14:30 of 3rd period
Jesper Bratt has scored a Hat Trick!
Jesper Bratt has scored in a empty net!
Finance
Level 1 -- Attendance: 4306 (71.77%) -- Ticket Income $426,294
Level 2 -- Attendance: 3451 (69.02%) -- Ticket Income $203,609
Level 3 -- Attendance: 2531 (84.37%) -- Ticket Income $86,054
Level 4 -- Attendance: 4059 (81.18%) -- Ticket Income $97,416
Luxury Box -- Attendance: 723 (72.30%) -- Ticket Income $143,877
Game was played at the Rogers Arena.
Total Attendance: 15070 (75.35%)
Total Ticket Income: $957,250
Other Income: $335,038
Total Income: $1,292,288
Colorado Rockies
5 vs 5 Forward
Center Left Wing Right Wing Time % Phy DF OF
1 Tim Stutzle Jesper Bratt Nikita Kucherov 30 1 2 2
2 Nick Schmaltz Kyle Connor David Pastrnak 30 1 2 2
3 Philipp Kurashev Kyle Palmieri Michael Bunting 25 1 2 2
4 Nick Bonino Michael Bunting Nikita Kucherov 15 1 2 2
5 vs 5 Defense
Defense Defense Time % Phy DF OF
1 Victor Hedman Quinn Hughes 30 1 2 2
2 Nikita Zadorov Martin Fehervary 30 1 2 2
3 Vince Dunn Andrew Peeke 25 1 2 2
4 Victor Hedman Quinn Hughes 15 1 2 2
PowerPlay Forward
Center Left Wing Right Wing Time % Phy DF OF
1 Tim Stutzle Jesper Bratt Nikita Kucherov 50 1 2 2
2 Nick Schmaltz Kyle Connor David Pastrnak 50 1 2 2
PowerPlay Defense
Defense Defense Time % Phy DF OF
1 Victor Hedman Quinn Hughes 50 1 2 2
2 Nikita Zadorov Vince Dunn 50 1 2 2
Penalty Kill 4 Players Forward
Center Wing Time % Phy DF OF
1 Nikita Kucherov David Pastrnak 50 1 2 2
2 Tim Stutzle Jesper Bratt 50 1 2 2
Penalty Kill 4 Players Defense
Defense Defense Time % Phy DF OF
1 Victor Hedman Vince Dunn 50 1 2 2
2 Nikita Zadorov Quinn Hughes 50 1 2 2
Penalty Kill - 3 Players Forward
Forward Time % Phy DF OF
1 Nikita Kucherov 50 1 2 2
2 David Pastrnak 50 1 2 2
Penalty Kill - 3 Players Defense
Defense Defense Time % Phy DF OF
1 Victor Hedman Vince Dunn 50 1 2 2
2 Nikita Zadorov Quinn Hughes 50 1 2 2
4 vs 4 Forward
Center Wing Time % Phy DF OF
1 Nikita Kucherov David Pastrnak 50 1 2 2
2 Tim Stutzle Jesper Bratt 50 1 2 2
4 vs 4 Defense
Defense Defense Time % Phy DF OF
1 Victor Hedman Quinn Hughes 50 1 2 2
2 Nikita Zadorov Vince Dunn 50 1 2 2
Last Minutes Offensive
Center Left Wing Right Wing Defense Defense
Tim Stutzle Jesper Bratt Nikita Kucherov Victor Hedman Quinn Hughes
Last Minutes Defensive
Center Left Wing Right Wing Defense Defense
Tim Stutzle Jesper Bratt Nikita Kucherov Victor Hedman Quinn Hughes
Goaltenders
Starting : Joey Daccord
Backup : Daniil Tarasov
Extra Forwards
Normal : Evgeny Kuznetsov, Kevin Hayes, Kyle Palmieri - PP : Evgeny Kuznetsov, Kevin Hayes - PK : Kyle Palmieri
Extra Defensemen
Normal : Vince Dunn, Victor Hedman, Nikita Zadorov - PP : Vince Dunn - PK : Victor Hedman, Nikita Zadorov
Penalty Shots
Nikita Kucherov, David Pastrnak, Tim Stutzle, Jesper Bratt, Kyle Connor
Scratches
None
Vancouver Canucks
5 vs 5 Forward
Center Left Wing Right Wing Time % Phy DF OF
1 Aleksander Barkov Artturi Lehkonen Mikko Rantanen 40 1 1 3
2 Connor Zary Robby Fabbri Clayton Keller 30 1 2 2
3 Anton Lundell Casey Mittelstadt Ty Dellandrea 20 1 2 2
4 Jesperi Kotkaniemi Matias Maccelli Brett Leason 10 1 3 1
5 vs 5 Defense
Defense Defense Time % Phy DF OF
1 Noah Hanifin Miro Heiskanen 30 1 2 2
2 Ryan McDonagh Emil Martinsen Lilleberg 30 1 2 2
3 Chad Ruhwedel Jacob Bernard-Docker 25 1 2 2
4 Noah Hanifin Miro Heiskanen 15 1 2 2
PowerPlay Forward
Center Left Wing Right Wing Time % Phy DF OF
1 Mikko Rantanen Clayton Keller Artturi Lehkonen 50 0 1 4
2 Casey Mittelstadt Connor Zary Robby Fabbri 50 0 1 4
PowerPlay Defense
Defense Defense Time % Phy DF OF
1 Aleksander Barkov Miro Heiskanen 50 0 1 4
2 Noah Hanifin Anton Lundell 50 0 1 4
Penalty Kill 4 Players Forward
Center Wing Time % Phy DF OF
1 Aleksander Barkov Brett Leason 50 1 2 2
2 Artturi Lehkonen Ty Dellandrea 50 1 2 2
Penalty Kill 4 Players Defense
Defense Defense Time % Phy DF OF
1 Ryan McDonagh Noah Hanifin 50 1 2 2
2 Miro Heiskanen Chad Ruhwedel 50 1 2 2
Penalty Kill - 3 Players Forward
Forward Time % Phy DF OF
1 Brett Leason 50 1 2 2
2 Aleksander Barkov 50 1 2 2
Penalty Kill - 3 Players Defense
Defense Defense Time % Phy DF OF
1 Ryan McDonagh Noah Hanifin 50 1 2 2
2 Miro Heiskanen Chad Ruhwedel 50 1 2 2
4 vs 4 Forward
Center Wing Time % Phy DF OF
1 Mikko Rantanen Clayton Keller 50 1 2 2
2 Casey Mittelstadt Matias Maccelli 50 1 2 2
4 vs 4 Defense
Defense Defense Time % Phy DF OF
1 Noah Hanifin Miro Heiskanen 50 1 2 2
2 Ryan McDonagh Emil Martinsen Lilleberg 50 1 2 2
Last Minutes Offensive
Center Left Wing Right Wing Defense Defense
Aleksander Barkov Clayton Keller Mikko Rantanen Ryan McDonagh Miro Heiskanen
Last Minutes Defensive
Center Left Wing Right Wing Defense Defense
Aleksander Barkov Artturi Lehkonen Brett Leason Noah Hanifin Miro Heiskanen
Goaltenders
Starting : Justus Annunen
Backup : Ville Husso
Extra Forwards
Normal : Aleksander Barkov, Mikko Rantanen, Clayton Keller - PP : Clayton Keller, Casey Mittelstadt - PK : Mikko Rantanen
Extra Defensemen
Normal : Noah Hanifin, Miro Heiskanen, Ryan McDonagh - PP : Noah Hanifin - PK : Noah Hanifin, Miro Heiskanen
Penalty Shots
Aleksander Barkov, Mikko Rantanen, Clayton Keller, Brett Leason, Miro Heiskanen
Scratches
Adam Boqvist (Healthy), Aku Raty (Suspend), Jacob Bryson (Healthy), Joonas Korpisalo (Healthy)
% Time on Ice - Colorado Rockies
Lines # - Real PCT - Wanted PCT - Time Play
Normal Forward
1 - 31% - 30% - 14:32
2 - 32% - 30% - 14:48
3 - 25% - 25% - 11:50
4 - 12% - 15% - 5:24
Normal Defense
1 - 33% - 30% - 15:16
2 - 29% - 30% - 13:38
3 - 25% - 25% - 11:46
4 - 13% - 15% - 5:54
PP Forward
1 - 49% - 50% - 4:03
2 - 51% - 50% - 4:15
PP Defense
1 - 51% - 50% - 4:16
2 - 49% - 50% - 4:02
PK Forward
1 - 46% - 50% - 1:50
2 - 54% - 50% - 2:08
PK Defense
1 - 64% - 50% - 2:33
2 - 36% - 50% - 1:25
PK3 Forward
1 - 0% - 50%
2 - 0% - 50%
PK3 Defense
1 - 0% - 50%
2 - 0% - 50%
44 Forward
1 - 0% - 50%
2 - 0% - 50%
44 Defense
1 - 0% - 50%
2 - 0% - 50%
Last Minute Offensive - 0:00
Last Minute Defensive - 1:10
Total
Forward - 60:00
Defense - 60:00
|
% Time on Ice - Vancouver Canucks
Lines # - Real PCT - Wanted PCT - Time Play
Normal Forward
1 - 36% - 40% - 16:49
2 - 31% - 30% - 14:13
3 - 16% - 20% - 7:17
4 - 18% - 10% - 8:14
Normal Defense
1 - 30% - 30% - 13:48
2 - 32% - 30% - 14:45
3 - 26% - 25% - 12:17
4 - 12% - 15% - 5:43
PP Forward
1 - 43% - 50% - 1:43
2 - 57% - 50% - 2:15
PP Defense
1 - 46% - 50% - 1:50
2 - 54% - 50% - 2:08
PK Forward
1 - 53% - 50% - 4:24
2 - 47% - 50% - 3:54
PK Defense
1 - 52% - 50% - 4:18
2 - 48% - 50% - 4:00
PK3 Forward
1 - 0% - 50%
2 - 0% - 50%
PK3 Defense
1 - 0% - 50%
2 - 0% - 50%
44 Forward
1 - 0% - 50%
2 - 0% - 50%
44 Defense
1 - 0% - 50%
2 - 0% - 50%
Last Minute Offensive - 1:11
Last Minute Defensive - 0:00
Total
Forward - 60:00
Defense - 60:00
|
Play-by-Play
1st period
0:01 of 1st period - Tim Stutzle wins face-off versus Aleksander Barkov in neutral zone.
0:16 of 1st period - Snap shot by Jesper Bratt.
0:16 of 1st period - Stopped by Justus Annunen with a rebound.
0:36 of 1st period - Snap shot by Aleksander Barkov.
0:36 of 1st period - Stopped by Joey Daccord without a rebound.
0:37 of 1st period - Nick Schmaltz wins face-off versus Connor Zary in Colorado Rockies zone.
1:29 of 1st period - Slapshot by David Pastrnak.
1:29 of 1st period - Stopped by Justus Annunen with a rebound.
2:03 of 1st period - Tim Stutzle is hit by Clayton Keller and loses puck.
2:14 of 1st period - Slapshot by Robby Fabbri.
2:14 of 1st period - Shot Blocked by Martin Fehervary.
2:22 of 1st period - Minor Penalty to Noah Hanifin for Hooking.
2:23 of 1st period - Tim Stutzle wins face-off versus Aleksander Barkov in Vancouver Canucks zone.
2:34 of 1st period - Snap shot by Jesper Bratt.
2:34 of 1st period - Goal by Jesper Bratt - Colorado Rockies : 1 - Vancouver Canucks : 0.
2:35 of 1st period - Anton Lundell wins face-off versus Philipp Kurashev in neutral zone.
3:00 of 1st period - Emil Martinsen Lilleberg is hit by Tim Stutzle and loses puck.
3:37 of 1st period - Slapshot by Noah Hanifin.
3:37 of 1st period - Shot Blocked by Kyle Palmieri.
5:04 of 1st period - Wrist shot by Jesper Bratt.
5:04 of 1st period - Shot Misses the Net.
5:14 of 1st period - Jesperi Kotkaniemi is hit by Victor Hedman and loses puck.
5:39 of 1st period - Snap shot by Mikko Rantanen.
5:39 of 1st period - Stopped by Joey Daccord without a rebound.
5:40 of 1st period - Tim Stutzle wins face-off versus Aleksander Barkov in Colorado Rockies zone.
5:44 of 1st period - Nikita Kucherov is hit by Aleksander Barkov and loses puck.
6:03 of 1st period - Snap shot by Robby Fabbri.
6:03 of 1st period - Shot Misses the Net.
6:27 of 1st period - Martin Fehervary is hit by Anton Lundell and loses puck.
6:28 of 1st period - Martin Fehervary from Colorado Rockies is injured at 6:28 of 1st period (Back).
6:29 of 1st period - Nick Bonino wins face-off versus Aleksander Barkov in Colorado Rockies zone.
6:34 of 1st period - Aleksander Barkov is hit by Victor Hedman.
6:39 of 1st period - Off-side.
6:40 of 1st period - Nick Bonino wins face-off versus Aleksander Barkov in neutral zone.
6:49 of 1st period - Aleksander Barkov is hit by Victor Hedman and loses puck.
7:06 of 1st period - Kyle Connor is hit by Chad Ruhwedel and loses puck.
7:34 of 1st period - Tim Stutzle is hit by Ty Dellandrea and loses puck.
7:51 of 1st period - Wrist shot by Michael Bunting.
7:51 of 1st period - Shot Misses the Net.
7:53 of 1st period - Snap shot by Michael Bunting.
7:53 of 1st period - Shot Misses the Net.
7:55 of 1st period - Snap shot by Michael Bunting.
7:55 of 1st period - Stopped by Justus Annunen with a rebound.
8:09 of 1st period - Backhand shot by Kyle Connor.
8:09 of 1st period - Stopped by Justus Annunen with a rebound.
8:19 of 1st period - Wrist shot by Jesperi Kotkaniemi.
8:19 of 1st period - Stopped by Joey Daccord with a rebound.
8:21 of 1st period - Wrist shot by Jesperi Kotkaniemi.
8:21 of 1st period - Shot Hit the Post.
8:23 of 1st period - Slapshot by Noah Hanifin.
8:23 of 1st period - Shot Misses the Net.
8:39 of 1st period - Wrist shot by Jesperi Kotkaniemi.
8:39 of 1st period - Stopped by Joey Daccord without a rebound.
8:40 of 1st period - Aleksander Barkov wins face-off versus Philipp Kurashev in Colorado Rockies zone.
9:11 of 1st period - Snap shot by David Pastrnak.
9:11 of 1st period - Stopped by Justus Annunen without a rebound.
9:12 of 1st period - Robby Fabbri wins face-off versus Nick Schmaltz in Vancouver Canucks zone.
9:55 of 1st period - Wrist shot by Robby Fabbri.
9:55 of 1st period - Shot Blocked by Nikita Zadorov.
10:09 of 1st period - Wrist shot by David Pastrnak.
10:09 of 1st period - Shot Misses the Net.
10:11 of 1st period - Slapshot by Nikita Zadorov.
10:11 of 1st period - Shot Blocked by Emil Martinsen Lilleberg.
10:13 of 1st period - Wrist shot by David Pastrnak.
10:13 of 1st period - Stopped by Justus Annunen with a rebound.
10:25 of 1st period - Snap shot by Kyle Connor.
10:25 of 1st period - Stopped by Justus Annunen with a rebound.
10:27 of 1st period - Snap shot by Nick Schmaltz.
10:27 of 1st period - Deflect By David Pastrnak.
10:27 of 1st period - Shot Misses the Net.
10:27 of 1st period - Puck is out of play.
10:28 of 1st period - Aleksander Barkov wins face-off versus Nick Bonino in Vancouver Canucks zone.
11:30 of 1st period - Minor Penalty to Noah Hanifin for Slashing.
11:31 of 1st period - Tim Stutzle wins face-off versus Artturi Lehkonen in Vancouver Canucks zone.
11:32 of 1st period - Slapshot by Nikita Kucherov.
11:32 of 1st period - Shot Blocked by Miro Heiskanen.
11:34 of 1st period - Wrist shot by Nikita Zadorov.
11:34 of 1st period - Deflect By Nikita Kucherov.
11:34 of 1st period - Stopped by Justus Annunen without a rebound.
11:35 of 1st period - Artturi Lehkonen wins face-off versus Tim Stutzle in Vancouver Canucks zone.
11:44 of 1st period - Slapshot by Artturi Lehkonen.
11:44 of 1st period - Shot Misses the Net.
12:10 of 1st period - Backhand shot by David Pastrnak.
12:10 of 1st period - Stopped by Justus Annunen without a rebound.
12:11 of 1st period - Aleksander Barkov wins face-off versus Nick Schmaltz in Vancouver Canucks zone.
12:56 of 1st period - Snap shot by Nick Schmaltz.
12:56 of 1st period - Shot Blocked by Miro Heiskanen.
12:58 of 1st period - Slapshot by Nikita Zadorov.
12:58 of 1st period - Stopped by Justus Annunen without a rebound.
12:59 of 1st period - Brett Leason wins face-off versus Jesper Bratt in Vancouver Canucks zone.
13:14 of 1st period - Wrist shot by Tim Stutzle.
13:14 of 1st period - Stopped by Justus Annunen with a rebound.
13:16 of 1st period - Snap shot by Jesper Bratt.
13:16 of 1st period - Stopped by Justus Annunen with a rebound.
13:30 of 1st period - Penalty to Noah Hanifin is over, Noah Hanifin is back on ice.
13:44 of 1st period - Wrist shot by Clayton Keller.
13:44 of 1st period - Stopped by Joey Daccord without a rebound.
13:45 of 1st period - Aleksander Barkov wins face-off versus Philipp Kurashev in Colorado Rockies zone.
13:51 of 1st period - Minor Penalty to Quinn Hughes for Hooking.
13:52 of 1st period - Mikko Rantanen wins face-off versus Nikita Kucherov in Colorado Rockies zone.
13:52 of 1st period - Wrist shot by Clayton Keller.
13:52 of 1st period - Stopped by Joey Daccord without a rebound.
13:53 of 1st period - Mikko Rantanen wins face-off versus Nikita Kucherov in Colorado Rockies zone.
14:28 of 1st period - Victor Hedman is hit by Robby Fabbri and loses puck.
15:51 of 1st period - Penalty to Quinn Hughes is over, Quinn Hughes is back on ice.
16:05 of 1st period - Slapshot by Philipp Kurashev.
16:05 of 1st period - Stopped by Justus Annunen without a rebound.
16:06 of 1st period - Jesperi Kotkaniemi wins face-off versus Philipp Kurashev in Vancouver Canucks zone.
16:13 of 1st period - Snap shot by Matias Maccelli.
16:13 of 1st period - Shot Misses the Net.
17:02 of 1st period - Noah Hanifin is hit by Philipp Kurashev.
17:19 of 1st period - Slapshot by Miro Heiskanen.
17:19 of 1st period - Stopped by Joey Daccord with a rebound.
17:21 of 1st period - Snap shot by Brett Leason.
17:21 of 1st period - Shot Blocked by Quinn Hughes.
17:23 of 1st period - Snap shot by Matias Maccelli.
17:23 of 1st period - Shot Misses the Net.
17:25 of 1st period - Slapshot by Ryan McDonagh.
17:25 of 1st period - Stopped by Joey Daccord with a rebound.
17:27 of 1st period - Snap shot by Jesperi Kotkaniemi.
17:27 of 1st period - Stopped by Joey Daccord with a rebound.
17:29 of 1st period - Wrist shot by Jesperi Kotkaniemi.
17:29 of 1st period - Shot Blocked by Quinn Hughes.
17:31 of 1st period - Slapshot by Emil Martinsen Lilleberg.
17:31 of 1st period - Shot Blocked by Victor Hedman.
17:33 of 1st period - Slapshot by Ryan McDonagh.
17:33 of 1st period - Stopped by Joey Daccord without a rebound.
17:34 of 1st period - Aleksander Barkov wins face-off versus Tim Stutzle in Colorado Rockies zone.
18:18 of 1st period - Wrist shot by Mikko Rantanen.
18:18 of 1st period - Deflect By Aleksander Barkov.
18:18 of 1st period - Stopped by Joey Daccord with a rebound.
18:20 of 1st period - Wrist shot by Mikko Rantanen.
18:20 of 1st period - Stopped by Joey Daccord with a rebound.
18:33 of 1st period - Off-side.
18:34 of 1st period - Tim Stutzle wins face-off versus Connor Zary in neutral zone.
19:52 of 1st period - David Pastrnak is hit by Miro Heiskanen and loses puck.
Goals for this period are 1 for Colorado Rockies vs 0 for Vancouver Canucks.
Shots for this period are 14 for Colorado Rockies vs 12 for Vancouver Canucks.
2nd period
0:01 of 2nd period - Tim Stutzle wins face-off versus Aleksander Barkov in neutral zone.
1:14 of 2nd period - Snap shot by Casey Mittelstadt.
1:14 of 2nd period - Stopped by Joey Daccord with a rebound.
1:16 of 2nd period - Snap shot by Emil Martinsen Lilleberg.
1:16 of 2nd period - Shot Misses the Net.
1:47 of 2nd period - Icing by Nick Schmaltz.
1:48 of 2nd period - Nick Schmaltz wins face-off versus Connor Zary in Colorado Rockies zone.
2:26 of 2nd period - Casey Mittelstadt is hit by Nick Schmaltz.
2:30 of 2nd period - Slapshot by Casey Mittelstadt.
2:30 of 2nd period - Shot Misses the Net.
3:04 of 2nd period - Matias Maccelli is hit by Nikita Zadorov and loses puck.
3:09 of 2nd period - Snap shot by Michael Bunting.
3:09 of 2nd period - Shot Misses the Net.
3:11 of 2nd period - Snap shot by Michael Bunting.
3:11 of 2nd period - Stopped by Justus Annunen without a rebound.
3:12 of 2nd period - Tim Stutzle wins face-off versus Aleksander Barkov in Vancouver Canucks zone.
3:23 of 2nd period - Mikko Rantanen is hit by Victor Hedman and loses puck.
3:51 of 2nd period - Minor Penalty to Miro Heiskanen for Tripping.
3:52 of 2nd period - Nick Schmaltz wins face-off versus Aleksander Barkov in Vancouver Canucks zone.
5:51 of 2nd period - Penalty to Miro Heiskanen is over, Miro Heiskanen is back on ice.
5:58 of 2nd period - Snap shot by Mikko Rantanen.
5:58 of 2nd period - Shot Blocked by Philipp Kurashev.
6:12 of 2nd period - Snap shot by Mikko Rantanen.
6:12 of 2nd period - Stopped by Joey Daccord with a rebound.
6:16 of 2nd period - Wrist shot by Mikko Rantanen.
6:16 of 2nd period - Stopped by Joey Daccord with a rebound.
6:18 of 2nd period - Wrist shot by Ty Dellandrea.
6:18 of 2nd period - Shot Misses the Net.
6:20 of 2nd period - Slapshot by Ty Dellandrea.
6:20 of 2nd period - Stopped by Joey Daccord without a rebound.
6:21 of 2nd period - Nick Bonino wins face-off versus Connor Zary in Colorado Rockies zone.
6:45 of 2nd period - Wrist shot by Jesper Bratt.
6:45 of 2nd period - Stopped by Justus Annunen with a rebound.
7:00 of 2nd period - Aleksander Barkov is hit by Nikita Zadorov and loses puck.
7:11 of 2nd period - Snap shot by Mikko Rantanen.
7:11 of 2nd period - Shot Blocked by Michael Bunting.
7:17 of 2nd period - Slapshot by Jesperi Kotkaniemi.
7:17 of 2nd period - Shot Misses the Net.
9:03 of 2nd period - Tim Stutzle is hit by Ty Dellandrea and loses puck.
9:28 of 2nd period - Jesper Bratt is hit by Jesperi Kotkaniemi and loses puck.
9:43 of 2nd period - Clayton Keller is hit by Nikita Zadorov and loses puck.
10:03 of 2nd period - Miro Heiskanen is hit by Victor Hedman and loses puck.
10:35 of 2nd period - Victor Hedman is hit by Connor Zary and loses puck.
11:02 of 2nd period - Vince Dunn is hit by Casey Mittelstadt.
11:11 of 2nd period - Michael Bunting is hit by Anton Lundell and loses puck.
11:44 of 2nd period - Tim Stutzle is hit by Robby Fabbri and loses puck.
12:05 of 2nd period - Wrist shot by Nikita Kucherov.
12:05 of 2nd period - Stopped by Justus Annunen with a rebound.
12:15 of 2nd period - David Pastrnak is hit by Anton Lundell and loses puck.
12:50 of 2nd period - Andrew Peeke is hit by Artturi Lehkonen and loses puck.
13:13 of 2nd period - Jesper Bratt is hit by Casey Mittelstadt and loses puck.
13:28 of 2nd period - Snap shot by Connor Zary.
13:28 of 2nd period - Shot Blocked by Kyle Connor.
13:51 of 2nd period - Icing by Philipp Kurashev.
13:52 of 2nd period - Aleksander Barkov wins face-off versus Kyle Palmieri in Colorado Rockies zone.
14:13 of 2nd period - David Pastrnak is hit by Robby Fabbri and loses puck.
14:20 of 2nd period - Snap shot by Clayton Keller.
14:20 of 2nd period - Goal by Clayton Keller - Colorado Rockies : 1 - Vancouver Canucks : 1.
14:21 of 2nd period - Tim Stutzle wins face-off versus Aleksander Barkov in neutral zone.
14:23 of 2nd period - Off-side.
14:24 of 2nd period - Aleksander Barkov wins face-off versus Tim Stutzle in neutral zone.
14:29 of 2nd period - Snap shot by Artturi Lehkonen.
14:29 of 2nd period - Shot Blocked by Victor Hedman.
14:31 of 2nd period - Wrist shot by Miro Heiskanen.
14:31 of 2nd period - Deflect By Mikko Rantanen.
14:31 of 2nd period - Shot Misses the Net.
14:31 of 2nd period - Puck is out of play.
14:32 of 2nd period - Tim Stutzle wins face-off versus Artturi Lehkonen in Colorado Rockies zone.
14:41 of 2nd period - Slapshot by Victor Hedman.
14:41 of 2nd period - Deflect By Nikita Kucherov.
14:41 of 2nd period - Shot Misses the Net.
14:41 of 2nd period - Puck is out of play.
14:42 of 2nd period - Aleksander Barkov wins face-off versus Tim Stutzle in Vancouver Canucks zone.
14:42 of 2nd period - Aleksander Barkov is hit by Nikita Kucherov.
14:58 of 2nd period - Snap shot by Mikko Rantanen.
14:58 of 2nd period - Stopped by Joey Daccord without a rebound.
14:59 of 2nd period - David Pastrnak wins face-off versus Connor Zary in Colorado Rockies zone.
15:16 of 2nd period - Slapshot by Nick Schmaltz.
15:16 of 2nd period - Shot Misses the Net.
15:26 of 2nd period - Quinn Hughes is hit by Mikko Rantanen and loses puck.
15:33 of 2nd period - Snap shot by Aleksander Barkov.
15:33 of 2nd period - Stopped by Joey Daccord with a rebound.
15:58 of 2nd period - Backhand shot by Casey Mittelstadt.
15:58 of 2nd period - Deflect By Anton Lundell.
15:58 of 2nd period - Shot Blocked by Andrew Peeke.
15:58 of 2nd period - Puck is out of play.
15:59 of 2nd period - Connor Zary wins face-off versus Nick Schmaltz in Colorado Rockies zone.
16:10 of 2nd period - Robby Fabbri is hit by Vince Dunn and loses puck.
16:30 of 2nd period - Noah Hanifin is hit by Victor Hedman and loses puck.
16:51 of 2nd period - Snap shot by Casey Mittelstadt.
16:51 of 2nd period - Stopped by Joey Daccord with a rebound.
16:53 of 2nd period - Snap shot by Casey Mittelstadt.
16:53 of 2nd period - Stopped by Joey Daccord without a rebound.
16:54 of 2nd period - Tim Stutzle wins face-off versus Aleksander Barkov in Colorado Rockies zone.
17:01 of 2nd period - Snap shot by Nikita Kucherov.
17:01 of 2nd period - Shot Misses the Net.
17:37 of 2nd period - Minor Penalty to Connor Zary for Cross-checking.
17:38 of 2nd period - Tim Stutzle wins face-off versus Aleksander Barkov in Vancouver Canucks zone.
17:47 of 2nd period - Wrist shot by Jesper Bratt.
17:47 of 2nd period - Goal by Jesper Bratt - Colorado Rockies : 2 - Vancouver Canucks : 1.
17:48 of 2nd period - Nick Bonino wins face-off versus Aleksander Barkov in neutral zone.
17:53 of 2nd period - Snap shot by Michael Bunting.
17:53 of 2nd period - Goal by Michael Bunting - Colorado Rockies : 3 - Vancouver Canucks : 1.
17:54 of 2nd period - Aleksander Barkov wins face-off versus Nick Bonino in neutral zone.
19:25 of 2nd period - Clayton Keller is hit by Andrew Peeke and loses puck.
19:33 of 2nd period - Ryan McDonagh is hit by Kyle Connor and loses puck.
19:44 of 2nd period - Wrist shot by Brett Leason.
19:44 of 2nd period - Shot Misses the Net.
19:46 of 2nd period - Snap shot by Ryan McDonagh.
19:46 of 2nd period - Stopped by Joey Daccord with a rebound.
19:48 of 2nd period - Slapshot by Brett Leason.
19:48 of 2nd period - Deflect By Jesperi Kotkaniemi.
19:48 of 2nd period - Stopped by Joey Daccord without a rebound.
19:49 of 2nd period - Nick Bonino wins face-off versus Jesperi Kotkaniemi in Colorado Rockies zone.
Goals for this period are 2 for Colorado Rockies vs 1 for Vancouver Canucks.
Shots for this period are 5 for Colorado Rockies vs 11 for Vancouver Canucks.
3rd period
0:01 of 3rd period - Aleksander Barkov wins face-off versus Jesper Bratt in neutral zone.
0:26 of 3rd period - Nick Schmaltz is hit by Clayton Keller and loses puck.
0:33 of 3rd period - Snap shot by Clayton Keller.
0:33 of 3rd period - Shot Misses the Net.
0:35 of 3rd period - Slapshot by Ryan McDonagh.
0:35 of 3rd period - Deflect By Connor Zary.
0:35 of 3rd period - Stopped by Joey Daccord with a rebound.
0:47 of 3rd period - Slapshot by Quinn Hughes.
0:47 of 3rd period - Stopped by Justus Annunen with a rebound.
0:49 of 3rd period - Wrist shot by Michael Bunting.
0:49 of 3rd period - Shot Blocked by Casey Mittelstadt.
0:51 of 3rd period - Wrist shot by Michael Bunting.
0:51 of 3rd period - Shot Misses the Net.
0:53 of 3rd period - Wrist shot by Philipp Kurashev.
0:53 of 3rd period - Shot Misses the Net.
1:03 of 3rd period - Minor Penalty to Casey Mittelstadt for Goalie Interference.
1:04 of 3rd period - Nick Schmaltz wins face-off versus Artturi Lehkonen in Vancouver Canucks zone.
1:07 of 3rd period - Snap shot by Kyle Connor.
1:07 of 3rd period - Stopped by Justus Annunen without a rebound.
1:08 of 3rd period - Nick Schmaltz wins face-off versus Artturi Lehkonen in Vancouver Canucks zone.
1:21 of 3rd period - Snap shot by Nick Schmaltz.
1:21 of 3rd period - Shot Misses the Net.
1:23 of 3rd period - Wrist shot by Nick Schmaltz.
1:23 of 3rd period - Shot Blocked by Miro Heiskanen.
1:25 of 3rd period - Slapshot by David Pastrnak.
1:25 of 3rd period - Stopped by Justus Annunen without a rebound.
1:26 of 3rd period - Aleksander Barkov wins face-off versus Tim Stutzle in Vancouver Canucks zone.
1:37 of 3rd period - Wrist shot by Jesper Bratt.
1:37 of 3rd period - Deflect By Aleksander Barkov.
1:37 of 3rd period - Shot Misses the Net.
1:37 of 3rd period - Puck is out of play.
1:38 of 3rd period - Aleksander Barkov wins face-off versus Tim Stutzle in Vancouver Canucks zone.
1:55 of 3rd period - Snap shot by Jesper Bratt.
1:55 of 3rd period - Shot Misses the Net.
2:06 of 3rd period - Icing by Victor Hedman.
2:07 of 3rd period - Aleksander Barkov wins face-off versus Nick Schmaltz in Colorado Rockies zone.
2:12 of 3rd period - Wrist shot by Aleksander Barkov.
2:12 of 3rd period - Shot Hit the Post.
2:30 of 3rd period - Snap shot by Nick Schmaltz.
2:30 of 3rd period - Deflect By Kyle Connor.
2:30 of 3rd period - Stopped by Justus Annunen without a rebound.
2:31 of 3rd period - Tim Stutzle wins face-off versus Artturi Lehkonen in Vancouver Canucks zone.
2:34 of 3rd period - Wrist shot by Nikita Kucherov.
2:34 of 3rd period - Stopped by Justus Annunen without a rebound.
2:35 of 3rd period - Tim Stutzle wins face-off versus Artturi Lehkonen in Vancouver Canucks zone.
3:03 of 3rd period - Penalty to Casey Mittelstadt is over, Casey Mittelstadt is back on ice.
3:13 of 3rd period - Off-side.
3:14 of 3rd period - Clayton Keller wins face-off versus Tim Stutzle in neutral zone.
3:16 of 3rd period - Off-side.
3:17 of 3rd period - Tim Stutzle wins face-off versus Clayton Keller in neutral zone.
3:34 of 3rd period - Slapshot by Quinn Hughes.
3:34 of 3rd period - Stopped by Justus Annunen without a rebound.
3:35 of 3rd period - Aleksander Barkov wins face-off versus Nick Schmaltz in Vancouver Canucks zone.
3:35 of 3rd period - Aleksander Barkov is hit by Victor Hedman.
3:43 of 3rd period - Wrist shot by Artturi Lehkonen.
3:43 of 3rd period - Goal by Artturi Lehkonen - Colorado Rockies : 3 - Vancouver Canucks : 2.
3:44 of 3rd period - Aleksander Barkov wins face-off versus Nick Bonino in neutral zone.
4:16 of 3rd period - Wrist shot by Mikko Rantanen.
4:16 of 3rd period - Shot Misses the Net.
4:18 of 3rd period - Snap shot by Miro Heiskanen.
4:18 of 3rd period - Deflect By Aleksander Barkov.
4:18 of 3rd period - Shot Blocked by Michael Bunting.
4:18 of 3rd period - Puck is out of play.
4:19 of 3rd period - Nick Schmaltz wins face-off versus Clayton Keller in Colorado Rockies zone.
4:37 of 3rd period - Kyle Connor is hit by Clayton Keller.
4:49 of 3rd period - Slapshot by David Pastrnak.
4:49 of 3rd period - Stopped by Justus Annunen with a rebound.
4:51 of 3rd period - Snap shot by Jesper Bratt.
4:51 of 3rd period - Stopped by Justus Annunen without a rebound.
4:52 of 3rd period - Aleksander Barkov wins face-off versus Nikita Kucherov in Vancouver Canucks zone.
5:19 of 3rd period - Jesper Bratt is hit by Noah Hanifin and loses puck.
5:24 of 3rd period - Wrist shot by Clayton Keller.
5:24 of 3rd period - Stopped by Joey Daccord without a rebound.
5:25 of 3rd period - Aleksander Barkov wins face-off versus Philipp Kurashev in Colorado Rockies zone.
5:26 of 3rd period - Wrist shot by Mikko Rantanen.
5:26 of 3rd period - Stopped by Joey Daccord without a rebound.
5:27 of 3rd period - Philipp Kurashev wins face-off versus Aleksander Barkov in Colorado Rockies zone.
5:58 of 3rd period - Slapshot by Clayton Keller.
5:58 of 3rd period - Stopped by Joey Daccord without a rebound.
5:59 of 3rd period - Connor Zary wins face-off versus Tim Stutzle in Colorado Rockies zone.
6:02 of 3rd period - Backhand shot by Miro Heiskanen.
6:02 of 3rd period - Shot Blocked by Quinn Hughes.
6:12 of 3rd period - Slapshot by Jesper Bratt.
6:12 of 3rd period - Shot Blocked by Miro Heiskanen.
6:33 of 3rd period - Victor Hedman is hit by Ryan McDonagh and loses puck.
6:42 of 3rd period - Snap shot by Casey Mittelstadt.
6:42 of 3rd period - Stopped by Joey Daccord without a rebound.
6:43 of 3rd period - Ty Dellandrea wins face-off versus Philipp Kurashev in Colorado Rockies zone.
7:12 of 3rd period - Snap shot by Jesper Bratt.
7:12 of 3rd period - Shot Blocked by Mikko Rantanen.
7:14 of 3rd period - Slapshot by Nikita Zadorov.
7:14 of 3rd period - Stopped by Justus Annunen without a rebound.
7:15 of 3rd period - Aleksander Barkov wins face-off versus Tim Stutzle in Vancouver Canucks zone.
7:20 of 3rd period - Tim Stutzle is hit by Artturi Lehkonen and loses puck.
7:39 of 3rd period - Victor Hedman is hit by Emil Martinsen Lilleberg and loses puck.
8:00 of 3rd period - Wrist shot by Nikita Kucherov.
8:00 of 3rd period - Stopped by Justus Annunen without a rebound.
8:01 of 3rd period - Connor Zary wins face-off versus Nick Schmaltz in Vancouver Canucks zone.
8:10 of 3rd period - Slapshot by Clayton Keller.
8:10 of 3rd period - Stopped by Joey Daccord without a rebound.
8:11 of 3rd period - Connor Zary wins face-off versus Nick Schmaltz in Colorado Rockies zone.
8:12 of 3rd period - Snap shot by Clayton Keller.
8:12 of 3rd period - Stopped by Joey Daccord with a rebound.
8:18 of 3rd period - Snap shot by Clayton Keller.
8:18 of 3rd period - Shot Misses the Net.
8:20 of 3rd period - Slapshot by Miro Heiskanen.
8:20 of 3rd period - Shot Misses the Net.
8:39 of 3rd period - Icing by Miro Heiskanen.
8:40 of 3rd period - Nick Bonino wins face-off versus Connor Zary in Vancouver Canucks zone.
8:51 of 3rd period - Snap shot by Noah Hanifin.
8:51 of 3rd period - Stopped by Joey Daccord with a rebound.
8:53 of 3rd period - Snap shot by Robby Fabbri.
8:53 of 3rd period - Shot Misses the Net.
8:55 of 3rd period - Backhand shot by Noah Hanifin.
8:55 of 3rd period - Stopped by Joey Daccord without a rebound.
8:56 of 3rd period - Aleksander Barkov wins face-off versus Nick Schmaltz in Colorado Rockies zone.
9:02 of 3rd period - Off-side.
9:03 of 3rd period - Aleksander Barkov wins face-off versus Nick Schmaltz in neutral zone.
9:28 of 3rd period - Snap shot by Kyle Connor.
9:28 of 3rd period - Shot Blocked by Artturi Lehkonen.
9:30 of 3rd period - Wrist shot by Kyle Connor.
9:30 of 3rd period - Stopped by Justus Annunen with a rebound.
9:32 of 3rd period - Slapshot by Nick Schmaltz.
9:32 of 3rd period - Shot Misses the Net.
9:34 of 3rd period - Snap shot by Nick Schmaltz.
9:34 of 3rd period - Stopped by Justus Annunen without a rebound.
9:35 of 3rd period - Anton Lundell wins face-off versus Michael Bunting in Vancouver Canucks zone.
9:35 of 3rd period - Anton Lundell is hit by Nikita Zadorov.
9:45 of 3rd period - Nick Bonino is hit by Noah Hanifin and loses puck.
10:17 of 3rd period - Wrist shot by Jesperi Kotkaniemi.
10:17 of 3rd period - Deflect By Victor Hedman.
10:17 of 3rd period - Shot Blocked by Quinn Hughes.
10:17 of 3rd period - Puck is out of play.
10:18 of 3rd period - Nick Schmaltz wins face-off versus Jesperi Kotkaniemi in Colorado Rockies zone.
10:33 of 3rd period - Slapshot by David Pastrnak.
10:33 of 3rd period - Stopped by Justus Annunen without a rebound.
10:34 of 3rd period - Aleksander Barkov wins face-off versus Nick Bonino in Vancouver Canucks zone.
10:39 of 3rd period - Wrist shot by Aleksander Barkov.
10:39 of 3rd period - Shot Misses the Net.
10:41 of 3rd period - Backhand shot by Mikko Rantanen.
10:41 of 3rd period - Stopped by Joey Daccord with a rebound.
10:43 of 3rd period - Wrist shot by Mikko Rantanen.
10:43 of 3rd period - Stopped by Joey Daccord without a rebound.
10:44 of 3rd period - Aleksander Barkov wins face-off versus Nick Bonino in Colorado Rockies zone.
10:59 of 3rd period - Snap shot by Mikko Rantanen.
10:59 of 3rd period - Stopped by Joey Daccord without a rebound.
11:00 of 3rd period - Nick Schmaltz wins face-off versus Anton Lundell in Colorado Rockies zone.
11:00 of 3rd period - Nick Schmaltz is hit by Ty Dellandrea.
11:10 of 3rd period - Snap shot by Nick Schmaltz.
11:10 of 3rd period - Stopped by Justus Annunen without a rebound.
11:11 of 3rd period - Aleksander Barkov wins face-off versus Tim Stutzle in Vancouver Canucks zone.
11:29 of 3rd period - Minor Penalty to Aleksander Barkov for Hooking.
11:30 of 3rd period - Nick Schmaltz wins face-off versus Artturi Lehkonen in Vancouver Canucks zone.
11:42 of 3rd period - Snap shot by David Pastrnak.
11:42 of 3rd period - Shot Misses the Net.
12:13 of 3rd period - Ryan McDonagh is hit by Quinn Hughes and loses puck.
13:29 of 3rd period - Penalty to Aleksander Barkov is over, Aleksander Barkov is back on ice.
13:32 of 3rd period - Snap shot by Mikko Rantanen.
13:32 of 3rd period - Stopped by Joey Daccord without a rebound.
13:33 of 3rd period - Connor Zary wins face-off versus Philipp Kurashev in Colorado Rockies zone.
14:00 of 3rd period - Snap shot by Aleksander Barkov.
14:00 of 3rd period - Stopped by Joey Daccord without a rebound.
14:01 of 3rd period - Aleksander Barkov wins face-off versus Tim Stutzle in Colorado Rockies zone.
14:14 of 3rd period - Wrist shot by Mikko Rantanen.
14:14 of 3rd period - Stopped by Joey Daccord with a rebound.
14:18 of 3rd period - Slapshot by Mikko Rantanen.
14:18 of 3rd period - Stopped by Joey Daccord with a rebound.
14:20 of 3rd period - Wrist shot by Mikko Rantanen.
14:20 of 3rd period - Deflect By Aleksander Barkov.
14:20 of 3rd period - Stopped by Joey Daccord with a rebound.
14:22 of 3rd period - Snap shot by Mikko Rantanen.
14:22 of 3rd period - Stopped by Joey Daccord with a rebound.
14:28 of 3rd period - Slapshot by Mikko Rantanen.
14:28 of 3rd period - Stopped by Joey Daccord without a rebound.
14:29 of 3rd period - Anton Lundell wins face-off versus Philipp Kurashev in Colorado Rockies zone.
14:30 of 3rd period - Wrist shot by Casey Mittelstadt.
14:30 of 3rd period - Stopped by Joey Daccord without a rebound.
14:30 of 3rd period - Jacob Bernard-Docker and Michael Bunting fight to a draw.
14:30 of 3rd period - Penalty to Jacob Bernard-Docker for Fighting.
14:30 of 3rd period - Penalty to Michael Bunting for Fighting.
14:31 of 3rd period - Aleksander Barkov wins face-off versus Tim Stutzle in Colorado Rockies zone.
14:37 of 3rd period - Minor Penalty to Victor Hedman for Holding Stick.
14:38 of 3rd period - Casey Mittelstadt wins face-off versus Nikita Kucherov in Colorado Rockies zone.
14:47 of 3rd period - Off-side.
14:48 of 3rd period - Tim Stutzle wins face-off versus Casey Mittelstadt in neutral zone.
14:53 of 3rd period - Slapshot by Vince Dunn.
14:53 of 3rd period - Stopped by Justus Annunen with a rebound.
15:25 of 3rd period - Backhand shot by Noah Hanifin.
15:25 of 3rd period - Stopped by Joey Daccord without a rebound.
15:26 of 3rd period - Mikko Rantanen wins face-off versus Tim Stutzle in Colorado Rockies zone.
15:53 of 3rd period - Connor Zary is hit by David Pastrnak and loses puck.
16:37 of 3rd period - Penalty to Victor Hedman is over, Victor Hedman is back on ice.
17:00 of 3rd period - Wrist shot by Matias Maccelli.
17:00 of 3rd period - Stopped by Joey Daccord with a rebound.
18:31 of 3rd period - Vancouver Canucks, Justus Annunen is pulled from the net.
19:59 of 3rd period - Snap shot by Jesper Bratt.
19:59 of 3rd period - Goal by Jesper Bratt - Colorado Rockies : 4 - Vancouver Canucks : 2.
19:59 of 3rd period - Justus Annunen from Vancouver Canucks was sent back in the game.
Goals for this period are 1 for Colorado Rockies vs 1 for Vancouver Canucks.
Shots for this period are 16 for Colorado Rockies vs 23 for Vancouver Canucks.
Back to the Top